 Dungeon Crawl Stone Soup version 0.30-a0-165-g1891117ce2 (webtiles) character file.

Game seed: 7787151452476113563

1944 spaghetti the Fighter (level 8, -1/69 HPs)
             Began as a Demonspawn Chaos Knight on Sept 29, 2022.
             Was a Plaything of Xom.
             Slain by Blork the orc
             ... wielding a +4 mace of holy wrath
              (4 damage)
             ... on level 6 of the Dungeon.
             The game lasted 00:13:06 (7765 turns).

spaghetti the Fighter (Demonspawn Chaos Knight)     Turns: 7765, Time: 00:13:07

Health: -1/69      AC:  6    Str:  9    XL:     8   Next: 98%
Magic:  18/18      EV: 15    Int: 30    God:    Xom [.*....]
Gold:   372        SH:  0    Dex: 15    Spells: 21/21 levels left

rFire   . . .      SeeInvis .    j - +2 dagger (venom) {short}
rCold   + . .      Faith    .    (no shield)
rNeg    . . .      Spirit   .    a - +2 leather armour
rPois   .          Reflect  .    g - +2 helmet {Int+3}
rElec   .          Harm     .    (no cloak)
rCorr   .          Rampage  .    (no gloves)
Will    .....                    (no boots)
Stlth   +.........               (no amulet)
HPRegen 0.21/turn                l - +4 ring of evasion
MPRegen 0.16/turn                (no ring)

@: confused, ambrosia-drunk
A: big brain 2, demonic touch 2, agile 1, clever 2, cold resistance 1, deformed
body, screaming 1
a: Renounce Religion


You were on level 6 of the Dungeon.
You worshipped Xom.
You were a plaything of Xom.
You visited 1 branch of the dungeon, and saw 6 of its levels.

You collected 372 gold pieces.


Innate Abilities, Weirdness & Mutations

You have an extremely huge brain. (Int +4)
Your touch may inflict irresistible damage on your foes.
You are agile. (Dex +4, Str/Int -1)
Your mind is very acute. (Int +8, Str/Dex -2)
Your flesh is cold resistant. (rC+)
Armour fits poorly on your strangely shaped body.
You occasionally shout uncontrollably at your foes.


   Skills:
 + Level 8.6 Fighting
 - Level 1.7 Armour
 - Level 0.8 Dodging
 - Level 3.6 Unarmed Combat
 + Level 7.2 Spellcasting


You had 21 spell levels left.
You didn't know any spells.
Your spell library contained the following spells:

 Spells                   Type           Power      Damage    Failure   Level
 Static Discharge         Conj/Air       20%        2-3/arc   10%         2
 Passage of Golubria      Tloc           10%        N/A       54%         4
 Arcjolt                  Conj/Air       5%         1d15      87%         5
 Lightning Bolt           Conj/Air       5%         1d17      87%         5
 Silence                  Hex/Air        5%         N/A       87%         5
 Lehudib's Crystal Spear  Conj/Erth      5%         10d3      100%        8
 Maxwell's Capacitive Co  Air            5%         ∞         100%        8

Inventory:

Hand Weapons
 d - a +0 dagger {short}
   (You took it off a goblin on level 1 of the Dungeon)
 e - a +0 sling
   (You found it on level 1 of the Dungeon)
 j - a +2 dagger of venom (weapon) {short}
   (You found it on level 1 of the Dungeon)
Missiles
 f - 51 stones {throwing}
 h - 3 boomerangs of dispersal {=f!fthrowing}
 n - 23 poisoned darts {throwing}
 p - 2 boomerangs {throwing}
 y - a curare-tipped dart {=fthrowing}
Armour
 a - a +2 leather armour (worn)
 c - a +0 crystal plate armour {rare=g}
   (You found it on level 2 of the Dungeon)
 g - a +2 helmet of intelligence (worn)
   (You found it on level 1 of the Dungeon)
Magical Staves
 i - a staff of conjuration {!a@e2staff}
   (You found it on level 3 of the Dungeon)
 r - a staff of poison {!astaff}
   (You found it on level 3 of the Dungeon)
Jewellery
 l - a +4 ring of evasion (left hand)
   (You found it on level 1 of the Dungeon)
Wands
 t - a wand of iceblast (2)
   (You found it on level 6 of the Dungeon)
Scrolls
 m - 2 scrolls of amnesia
 z - a scroll of silence {!r}
Potions
 k - 3 potions of attraction {!q}
 s - 2 potions of magic
 u - a potion of cancellation
Miscellaneous
 b - a piece from Xom's chessboard (7/15) (quivered)

Dungeon Overview and Level Annotations

Branches:
Dungeon (6/15) Zot: 25533
 Temple: D:4-7

Altars:
Ashenzari
Fedhas
Hepliaklqana
Makhleb
Vehumet
Yredelemnul

Annotations:
D:4 3 runed translucent doors, Zonian's ghost, amateur VSBr
D:6 Blork the orc

#...# #.###..............
#...####.# ###§§##§.§§§...
.........#####☼§##§.§§....
.........##..§§§.§☼§§.....
........###.##§§#☼#§......
#.).##### #§#§§§.§§.......
#...# #☼§§§§.§#.......
#...# #.#§§§#☼########
#...# #.##.#@§§§§§§# ##.##
#§§☼☼§o§####§# ##.#
####§#§## ...# #§§§l ####
###§# # #☼§ ###########
### ..........#
......###.#


You could see Blork the orc (fast) and an iguana (petrified, corona).


Message History

Blork the orc comes into view.
He is wielding a +4 mace of holy wrath.
As you read the scroll of identify {@r1}, it crumbles to dust.
u - a potion of cancellation
Aiming: Iceblast
Press: ? - help, Shift-Dir - straight line, f - you
Okay, then.
Blork the orc screams, "I'll crush all your ribs!
One by one!"
Okay, then.
You make a move on Xom's chessboard...
Blork the orc resists with some effort.
You make a move on Xom's chessboard...
Blork the orc resists with some effort.
Blork the orc closely misses you.
You make a move on Xom's chessboard...
Blork the orc resists with some effort.
Blork the orc mumbles some strange words.
Blork the orc seems to speed up.
You hear an angry hiss.
You make a move on Xom's chessboard...
Blork the orc resists with some effort.
Blork the orc misses you.
Blork the orc hits you with a +4 mace of holy wrath!
You convulse! 😮 HP[-20]
You take 20 damage, and now have 49/69 hp.
MASSIVE DAMAGE!! (PAUSE) Unknown command.
Okay, then.
It was a potion of heal wounds.
You feel much better.
Xom thinks this is hilarious!
Blork the orc hits you with a +4 mace of holy wrath!
You convulse.
An iguana comes into view. 😕 HP[+11]
You regained 11 hp, and now have 60/69 hp.
Unknown command.
Unknown command.
Unknown command.
Okay, then.
Okay, then.
Okay, then.
Really read
v - a scroll of poison {!r}?
Really read the scroll of poison?
The air fills with toxic fumes!
As you read the scroll of poison {!r}, it crumbles to dust.
Blork the orc hits you with a +4 mace of holy wrath.
You convulse.
Blork the orc hits you but does no damage. 😕 HP[-5]
You take 5 damage, and now have 55/69 hp.
Unknown command.
Unknown command.
Unknown command.
You make a move on Xom's chessboard...
The iguana is outlined in light.
Blork the orc barely misses you.
You make a move on Xom's chessboard...
The iguana falls asleep!
Blork the orc hits you with a +4 mace of holy wrath.
You convulse.
Blork the orc hits you with a +4 mace of holy wrath.
You convulse. 😮 HP[-11]
You take 11 damage, and now have 44/69 hp.
You make a move on Xom's chessboard...
The iguana is moving more slowly.
Blork the orc hits you with a +4 mace of holy wrath.
You convulse!
* * * LOW HITPOINT WARNING * * *
😨 HP[-12]
You take 12 damage, and now have 32/69 hp.
You don't know any spells.
Unknown command.
You make a move on Xom's chessboard...
Blork the orc resists with some effort.
Blork the orc hits you with a +4 mace of holy wrath.
* * * LOW HITPOINT WARNING * * *
You convulse.
* * * LOW HITPOINT WARNING * * *
Blork the orc hits you with a +4 mace of holy wrath!
* * * LOW HITPOINT WARNING * * *
You convulse!
* * * LOW HITPOINT WARNING * * *
😱 HP[-22]
You take 22 damage, and now have 10/69 hp.
MASSIVE DAMAGE!! (PAUSE) Unknown command.
Unknown command.
Okay, then.
You feel better.
Blork the orc screams, "I'll break your legs!"
Blork the orc points at you and mumbles some strange words.
The magic dart hits you!
* * * LOW HITPOINT WARNING * * *
😱 HP[-1]
You take 1 damage, and now have 9/69 hp.
Unknown command.
Unknown command.
Unknown command.
You are confused.
You feel invigorated.
The iguana stops moving altogether!
Blork the orc hits you with a +4 mace of holy wrath.
* * * LOW HITPOINT WARNING * * *
You convulse.
* * * LOW HITPOINT WARNING * * *
Blork the orc hits you with a +4 mace of holy wrath.
You die...
Xom is highly amused!

Skill      XL: |  1  2  3  4  5  6  7  8 |
---------------+-------------------------+-----
Unarmed Combat | 3 |  3.6
Spellcasting   | 1 2 3 4 5 7 |  7.2
Fighting       | 4 5 6 8 |  8.6
Armour         | |  1.7
Dodging        | |  0.8

Action                   |  1- 3 |  4- 6 |  7- 9 || total
-------------------------+-------+-------+-------++-------
Melee: Unarmed           |   151 |    38 |       ||   189
       Touch             |     9 |    29 |    42 ||    80
       Dagger            |       |   108 |   162 ||   270
       Punch             |       |     5 |     4 ||     9
Throw: Stone             |       |       |     3 ||     3
Evoke: Piece from Xom's  |       |       |     9 ||     9
  Use: Scroll            |       |    10 |     4 ||    14
       Potion            |       |       |     9 ||     9
 Stab: Sleeping          |     1 |       |       ||     1
       Confused          |       |       |     2 ||     2
Armor: Leather armour    |    48 |    56 |    50 ||   154
Dodge: Dodged            |    68 |   108 |   131 ||   307

Levels and vault maps discovered:
D:1:      lemuel_arrival_lava_pool, layout_loops_corners
D:2:      cheibrodos_helix_gallery, layout_basic
D:3:      layout_loops_corners, lemuel_crystal_altar, jmf_multi_god_temple
D:4:      layout_loops_ring, chequers_temple_overflow_statue_of_worship,
          gammafunk_ghost_necromancy, kennysheep_nub
D:5:      nicolae_BIG_FREAKIN_CUBE, layout_rooms
D:6:      layout_loops_cross, uniq_menkaure, uniq_blork_the_orc

Notes
Turn   | Place    | Note
-------+----------+-------------------------------------------
     0 | D:1      | spaghetti the Demonspawn Chaos Knight began the quest for
                  | the Orb.
     0 | D:1      | Reached XP level 1. HP: 18/18 MP: 1/1
     0 | D:1      | magus.rc [v1.9.6]
    63 | D:1      | XOM: divination: detect creatures
   236 | D:1      | You pick up a book of the Moon and begin reading...
   236 | D:1      | You add the spells Passage of Golubria, Silence and
                  | Lehudib's Crystal Spear to your library.
   257 | D:1      | Reached skill level 3 in Unarmed Combat
   361 | D:1      | Gained mutation: You have an unusually large brain. (Int
                  | +2) [demonic ancestry]
   361 | D:1      | Reached XP level 2. HP: 24/24 MP: 2/2
   587 | D:1      | XOM: silly message
   771 | D:1      | XOM: divination: magic mapping
  1298 | D:1      | Gained mutation: Your touch may inflict minor irresistible
                  | damage on your foes. [demonic ancestry]
  1298 | D:1      | Reached XP level 3. HP: 27/29 MP: 3/3
  1649 | D:2      | Reached skill level 1 in Spellcasting
  1818 | D:2      | Reached XP level 4. HP: 24/35 MP: 4/6
  1984 | D:2      | HP: 8/37 [something/magic dart (2)]
  1990 | D:2      | Identified a +0 crystal plate armour
  1991 | D:2      | c - a +0 crystal plate armour {rare=g}
  3170 | D:2      | Reached skill level 4 in Fighting
  3170 | D:2      | Reached skill level 2 in Spellcasting
  3274 | D:3      | Found a burning altar of Makhleb.
  3277 | D:3      | Found a blossoming altar of Fedhas.
  3325 | D:3      | Reached XP level 5. HP: 42/42 MP: 8/8
  3414 | D:3      | XOM is BORED!
  3414 | D:3      | XOM: 4-stop teleportation journey
  3437 | D:3      | XOM: silly message
  4090 | D:3      | XOM: summons 3 hostile demons
  4154 | D:3      | XOM: give mutations
  4154 | D:3      | Gained mutation: Your flesh is cold resistant. (rC+) [Xom's
                  | grace]
  4154 | D:3      | Gained mutation: Your mind is acute. (Int +4, Str/Dex -1)
                  | [Xom's grace]
  4154 | D:3      | Gained mutation: Your mind is very acute. (Int +8, Str/Dex
                  | -2) [Xom's grace]
  4154 | D:3      | Gained mutation: You are agile. (Dex +4, Str/Int -1) [Xom's
                  | grace]
  4304 | D:4      | XOM: enchant monster (good)
  4306 | D:4      | Reached skill level 3 in Spellcasting
  4449 | D:4      | Noticed a phantom
  4453 | D:4      | XOM: polymorph iguana -> scorpion
  4464 | D:4      | Killed a phantom
  4465 | D:4      | Reached skill level 5 in Fighting
  4465 | D:4      | Reached XP level 6. HP: 38/51 MP: 9/11
  4702 | D:4      | Found a hazy altar of Hepliaklqana.
  4721 | D:4      | Reached skill level 4 in Spellcasting
  4812 | D:4      | Found a runed translucent gate.
  4812 | D:4      | Found a runed translucent gate.
  4812 | D:4      | Found a runed translucent gate.
  4819 | D:4      | Noticed Zonian's ghost (amateur VSBr)
  4835 | D:4      | Found a basalt altar of Yredelemnul.
  4836 | D:4      | Found a broken altar of Ashenzari.
  4838 | D:4      | Found a radiant altar of Vehumet.
  4953 | D:4      | XOM: butterfly on damage
  4955 | D:4      | HP: 12/51 [ogre/+0 giant spiked club (15)]
  4957 | D:4      | Gained mutation: You have an extremely huge brain. (Int +4)
                  | [demonic ancestry]
  4957 | D:4      | Reached XP level 7. HP: 14/57 MP: 13/13
  5180 | D:4      | XOM: summons 2 hostile shadow creatures
  5287 | D:4      | XOM: give mutations
  5287 | D:4      | Gained mutation: Armour fits poorly on your strangely
                  | shaped body. [Xom's mischief]
  5287 | D:4      | Gained mutation: You occasionally shout uncontrollably at
                  | your foes. [Xom's mischief]
  5575 | D:4      | Reached skill level 6 in Fighting
  5700 | D:5      | Entered Level 5 of the Dungeon
  5802 | D:5      | XOM: summons 1 hostile shadow creature
  5834 | D:5      | XOM: silly message
  5838 | D:5      | Reached skill level 5 in Spellcasting
  5996 | D:5      | You pick up a book of Lightning and begin reading...
  5996 | D:5      | You add the spells Static Discharge, Lightning Bolt,
                  | Arcjolt and Maxwell's Capacitive Coupling to your library.
  6307 | D:6      | Noticed Menkaure
  6310 | D:6      | XOM: swap monsters
  6318 | D:6      | Killed Menkaure
  6319 | D:6      | Gained mutation: Your touch may inflict irresistible damage
                  | on your foes. [demonic ancestry]
  6319 | D:6      | Reached XP level 8. HP: 65/65 MP: 14/16
  6322 | D:6      | Reached skill level 7 in Fighting
  6349 | D:5      | XOM: cast spell 'Disjunction'
  6362 | D:5      | XOM: enchant monster (bad)
  6367 | D:5      | Reached skill level 6 in Spellcasting
  6615 | D:6      | XOM: 1-stop teleportation journey
  6619 | D:6      | XOM: summons friendly crimson imp
  6787 | D:6      | Reached skill level 8 in Fighting
  7255 | D:6      | XOM: confusion (+ monsters)
  7379 | D:6      | Reached skill level 7 in Spellcasting
  7749 | D:6      | Noticed Blork the orc
  7763 | D:6      | HP: 17/69 [Blork the orc/+4 mace of holy wrath (9)]
  7765 | D:6      | HP: 3/69 [Blork the orc/+4 mace of holy wrath (6)]
  7765 | D:6      | Slain by Blork the orc

Vanquished Creatures
  Menkaure (D:6)
  2 ice beasts
  3 ogres
  3 phantoms
  2 centaurs
  2 necrophages
  A kobold brigand (D:6)
  A bullfrog (D:6)
  5 scorpions
  2 jellies
  A hound (D:4)
  2 orc wizards
  3 iguanas
  5 gnolls
  7 adders
  2 ufetubi
  3 worms
  A dart slug (D:1)
  9 orcs
  5 ball pythons
  7 endoplasms
  7 giant cockroaches
  8 goblins
  4 hobgoblins
  6 quokkas
  4 bats
  2 frilled lizards
  16 kobolds
  6 rats
120 creatures vanquished.

Vanquished Creatures (collateral kills)
  A gnoll (D:4)
1 creature vanquished.

Grand Total: 121 creatures vanquished

Table legend:
 A = Non-vault XP
 B = Vault XP
 C = Vault XP percentage of total XP
 D = Non-vault monster count
 E = Vault monster count
 F = Vault count percentage of total count
                 A         B        C        D         E       F
            +---------+---------+-------+---------+---------+-------
      Total |    2576 |     202 |   7.3 |     116 |       5 |   4.1
            +---------+---------+-------+---------+---------+-------
        D:1 |      51 |       0 |   0.0 |      29 |       0 |   0.0
        D:2 |     117 |      16 |  12.0 |      23 |       2 |   8.0
        D:3 |      54 |       3 |   5.3 |      10 |       2 |  16.7
        D:4 |     662 |       0 |   0.0 |      21 |       0 |   0.0
        D:5 |     682 |       0 |   0.0 |      13 |       0 |   0.0
        D:6 |    1010 |     183 |  15.3 |      20 |       1 |   4.8
            +---------+---------+-------+---------+---------+-------

Illustrated notes

Table legend:
 A = Kills in this place as a percentage of kills in entire the game.
 B = Kills by you in this place as a percentage of kills by you in the entire game.
 C = Kills by friends in this place as a percentage of kills by friends in the entire game.
 D = Other kills in this place as a percentage of other kills in the entire game.
 E = Experience gained in this place as a percentage of experience gained in the entire game.
 F = Experience gained in this place divided by the number of levels of this place that you have seen.
                   A       B       C       D       E      F
               +-------+-------+-------+-------+-------+----------------------
         Total | 100.0 | 100.0 | 100.0 |   N/A | 100.0 | 463.0
       Dungeon | 100.0 | 100.0 | 100.0 |   N/A | 100.0 | 463.0
               +-------+-------+-------+-------+-------+----------------------

Table legend: (Time is in decaauts)
 A = Elapsed time spent in this place.
 B = Non-inter-level travel time spent in this place.
 C = Inter-level travel time spent in this place.
 D = Time resting spent in this place.
 E = Time spent auto-exploring this place.
 F = Levels seen in this place.
 G = Mean time per level.
                   A        B        C        D        E       F      G
               +--------+--------+--------+--------+--------+-----+--------+
         Total |   7740 |   7587 |    153 |    380 |   6234 |   6 | 1290.0 |
       Dungeon |   7740 |   7587 |    153 |    380 |   6234 |   6 | 1290.0 |
               +--------+--------+--------+--------+--------+-----+--------+

Top non-repeatable levels by time:
     D:1: 1627 daAuts
     D:2: 1617 daAuts
     D:4: 1496 daAuts
     D:6: 1217 daAuts
     D:3: 945 daAuts
     D:5: 835 daAuts
